 Dungeon Crawl Stone Soup version 0.27-a0-1196-g3e9cee4cb2 (webtiles) character file.

Game seed: 8828428296451285218

116 hilljack the Grave Robber (level 5, -2/39 HPs)
             Began as a Human Necromancer on May 29, 2021.
             Slain by Natasha (8 damage)
             ... on level 2 of the Dungeon.
             The game lasted 00:07:30 (3346 turns).

hilljack the Grave Robber (Human Necromancer)       Turns: 3346, Time: 00:07:32

Health: -2/39      AC:  3    Str:  7 (9)  XL:     5   Next: 21%
Magic:  3/8        EV: 12    Int: 16      God:
Gold:   55         SH:  0    Dex: 12 (13) Spells: 3/9 levels left

rFire    . . .     SeeInvis .   l - +0 spear
rCold    . . .     Faith    .   (no shield)
rNeg     . . .     Spirit   .   a - +0 robe
rPois    .         Reflect  .   (no helmet)
rElec    .         Harm     .   (no cloak)
rCorr    .         Rampage  .   b - +0 pair of gloves
Will     .....                  (no boots)
Stlth    ++........             (no amulet)
HPRegen  0.13/turn              (no ring)
MPRegen  0.11/turn              (no ring)

@: slowed, very slow
A: no striking features
a: no special abilities


You were on level 2 of the Dungeon.
You visited 1 branch of the dungeon, and saw 2 of its levels.

You collected 55 gold pieces.

Inventory:

Hand Weapons
 e - a +0 short sword
 l - a +0 spear (weapon)
Missiles
 g - 11 stones
 i - 2 throwing nets
Armour
 a - a +0 robe (worn)
 b - a +0 pair of gloves (worn)
Potions
 h - a potion of degeneration
 j - a potion of flight {unknown}


   Skills:
 * Level 2.4 Fighting
 + Level 2.6 Dodging
 + Level 2.7 Stealth
 + Level 2.5 Spellcasting
 + Level 4.4 Necromancy


You had 3 spell levels left.
You knew the following spells:

 Your Spells              Type           Power      Damage    Failure   Level
a - Pain                  Necr           64%        1d7       3%          1
b - Vampiric Draining     Necr           8%         2d7       10%         3
c - Animate Skeleton      Necr           32%        N/A       3%          1
d - Foxfire               Conj/Fire      8%         2x1d4     21%         1

Your spell library contained the following spells:

 Spells                   Type           Power      Damage    Failure   Level
 Conjure Flame            Conj/Fire      2%         6-21      52%         3
 Inner Flame              Hex/Fire       2%         N/A       52%         3
 Animate Dead             Necr           8%         N/A       30%         4
 Agony                    Necr           16%        N/A       65%         5
 Sticky Flame             Conj/Fire      2%         2d3       89%         4
 Fireball                 Conj/Fire      1%         3d3       99%         5


Dungeon Overview and Level Annotations

Branches:
Dungeon (2/15)

Altars:

Annotations:
D:2 Natasha


Message History

You barely miss Natasha.
Natasha mumbles some strange words.
You hit Natasha.
Natasha is moderately wounded.
Natasha closely misses you.
Natasha stares at you and mumbles some strange words.
You feel yourself slow down.
You barely miss Natasha.
Natasha is moderately wounded.
The white imp hits you. The white imp freezes you. Natasha closely misses you.
Casting: Pain (safe; 3% risk of failure)
Confirm with . or Enter, or press ? or * to list all spells.
Aiming: Pain (safe; 3% risk of failure)
Press: ? - help, Shift-Dir - straight line, f - Natasha
Aim: Natasha (moderately wounded, chance to affect: 75%) Natasha writhes in agony.
The white imp gestures at you. The puff of frost hits you.
Natasha stares at you and mumbles some strange words.
The magic dart hits you. The white imp closely misses you.
Natasha claws you but does no damage.
Casting: Pain (safe; 3% risk of failure)
Confirm with . or Enter, or press ? or * to list all spells.
Aiming: Pain (safe; 3% risk of failure)
Press: ? - help, Shift-Dir - straight line, f/p - Natasha
Aim: Natasha (heavily wounded, chance to affect: 75%) Natasha struggles to resist.
The white imp gestures at you. The puff of frost hits you!
* * * LOW HITPOINT WARNING * * *
Natasha misses you.
Casting: Pain (safe; 3% risk of failure)
Confirm with . or Enter, or press ? or * to list all spells.
Aiming: Vampiric Draining (dangerous; 10% risk of failure)
Press: ? - help, Shift-Dir - straight line, f/p - Natasha
Aim: Natasha (heavily wounded)
You draw life force from Natasha.
You feel life coursing into your body.
The white imp hits you but does no damage.
Natasha claws you!
You die...

... .....###....# ##
............#...#..... ..
#.....................##..
.........................#
..................##
........###.....###
................##
#h5.##..>.........
#@##...#####.##...
#)#..#######.###..
##.#...............
########....############.#
...........## #..
.######.##.# ##. ###.....#
# ##....#### ##..#..#


You could see Natasha and a white imp (summoned).

Vanquished Creatures
  An orc wizard (D:2)
  2 adders (D:2)
  3 gnolls (D:2)
  A dart slug (D:1)
  4 orcs
  2 ball pythons (D:2)
  2 bats
  2 endoplasms
  3 giant cockroaches
  4 goblins
  A hobgoblin (D:1)
  2 quokkas (D:1)
  2 frilled lizards (D:1)
  5 rats
34 creatures vanquished.

Vanquished Creatures (collateral kills)
  An adder (D:2)
  A hobgoblin (D:2)
2 creatures vanquished.

Grand Total: 36 creatures vanquished

Notes
Turn   | Place    | Note
-------+----------+-------------------------------------------
     0 | D:1      | hilljack the Human Necromancer began the quest for the Orb.
     0 | D:1      | Reached XP level 1. HP: 13/13 MP: 3/3
   694 | D:1      | Reached XP level 2. HP: 20/20 MP: 5/5
   984 | D:1      | Reached skill level 1 in Fighting
  2009 | D:2      | Reached XP level 3. HP: 18/26 MP: 3/6
  2045 | D:1      | Learned a level 3 spell: Vampiric Draining
  2518 | D:2      | Reached XP level 4. HP: 15/33 MP: 0/7
  2638 | D:2      | Learned a level 1 spell: Animate Skeleton
  2811 | D:2      | Learned a level 1 spell: Foxfire
  3243 | D:2      | Reached XP level 5. HP: 35/38 MP: 8/8
  3296 | D:2      | Noticed Natasha
  3346 | D:2      | Slain by Natasha

Illustrated notes

Levels and vault maps discovered:
D:1:      lightli_arrival_flooded_house, layout_loops_corners, serial_glass,
          glass_columns_b, glass_columns_b
D:2:      minmay_roachtagon, layout_rooms, basic_altar, uniq_jessica,
          uniq_natasha

Skill      XL: |  1  2  3  4 |
---------------+-------------+-----
Fighting       | 1 2 |  2.4
Dodging        | |  2.6
Stealth        | |  2.7
Spellcasting   | |  2.5
Necromancy     | |  4.4

Action                   |  1- 3 |  4- 6 || total
-------------------------+-------+-------++-------
Melee: Short sword       |    29 |     4 ||    33
       Spear             |       |    40 ||    40
 Cast: Pain              |    23 |    29 ||    52
       Vampiric Draining |       |     1 ||     1
  Use: Potion            |     2 |       ||     2
       Scroll            |     1 |     5 ||     6
 Stab: Sleeping          |     5 |     1 ||     6
Armor: Robe              |    10 |    14 ||    24
Dodge: Dodged            |    27 |    37 ||    64

Table legend: (Time is in decaauts)
 A = Elapsed time spent in this place.
 B = Non-inter-level travel time spent in this place.
 C = Inter-level travel time spent in this place.
 D = Time resting spent in this place.
 E = Time spent auto-exploring this place.
 F = Levels seen in this place.
 G = Mean time per level.
                   A        B        C        D        E       F      G
               +--------+--------+--------+--------+--------+-----+--------+
         Total |   3361 |   3253 |    108 |   1923 |    965 |   2 | 1680.5 |
       Dungeon |   3361 |   3253 |    108 |   1923 |    965 |   2 | 1680.5 |
               +--------+--------+--------+--------+--------+-----+--------+

Top non-repeatable levels by time:
     D:1: 2491 daAuts
     D:2: 870 daAuts
